[Event "Belt Road Women 2019"]
[Site "Shaoxing"]
[Date "2019.07.09"]
[Round "2.6"]
[White "Pujari, Rucha"]
[Black "Munguntuul, Batkhuyag"]
[Result "0-1"]
[ECO "A62"]
[WhiteElo "2268"]
[BlackElo "2412"]
[Annotator "NA"]
[PlyCount "106"]
[EventDate "2019.07.08"]
[EventType "swiss"]
[EventCountry "CHN"]
[SourceTitle "playchess.com"]
[Source "ChessBase"]
[SourceQuality "1"]
[TimeControl "5400+30"]

1. d4 Nf6 2. g3 g6 3. Bg2 Bg7 4. Nf3 c5 5. d5 d6 6. c4 e6 7. Nc3 exd5 8. cxd5 O-O 9. O-O Re8 10. Bf4 h6 11. Nb5 Bf8 12. a4 Na6 13. h3 Nb4 14. Nc3 g5 15. Nxg5 hxg5 16. Bxg5 Be7 17. Bc1 Nh7 18. e4 Bf6 19. f4 Bd4+ 20. Kh1 Bd7 21. Ne2 Bg7 22. f5 c4 23. Nf4 Nf6 24. Bd2 Nd3 25. Bc3 b5 26. Nxd3 cxd3 27. Qxd3 bxa4 28. g4 Nh7 29. Qg3 Bb5 30. Rg1 Ng5 31. Rae1 Bxc3 32. bxc3 Kg7 33. h4 Rh8 34. e5 dxe5 35. Rxe5 Qf6 36. Rge1 Rxh4+ 37. Qxh4 Rh8 38. Qxh8+ Kxh8 39. d6 Qh6+ 40. Kg1 Qxd6 41. Rxb5 Nf3+ 42. Bxf3 Qg3+ 43. Bg2 Qxe1+ 44. Kh2 a3 45. Ra5 Qxc3 46. Rxa7 Qe5+ 47. Kh1 Qa1+ 48. Kh2 a2 49. Ra8+ Kh7 50. f6 Qe5+ 51. Kh3 a1=Q 52. Be4+ Kh6 53. g5+ Kxg5 0-1

[Event "Belt Road Women 2019"]
[Site "Shaoxing"]
[Date "2019.07.09"]
[Round "2.7"]
[White "Xu, Yuze"]
[Black "Kosteniuk, Alexandra"]
[Result "0-1"]
[ECO "C47"]
[WhiteElo "2083"]
[BlackElo "2517"]
[Annotator "ChessBase"]
[PlyCount "96"]
[EventDate "2019.07.08"]
[EventType "swiss"]
[EventCountry "CHN"]
[SourceTitle "playchess.com"]
[Source "ChessBase"]
[SourceQuality "1"]
[TimeControl "5400+30"]

1. e4 e5 2. Nf3 Nc6 3. Nc3 Nf6 4. d4 exd4 5. Nxd4 Bb4 6. Nxc6 bxc6 7. Bd3 O-O 8. O-O d5 9. exd5 cxd5 10. Bg5 c6 11. Qf3 Be7 12. h3 Be6 13. Ne2 c5 14. Rfd1 Qb6 15. b3 h6 16. Bxf6 Bxf6 17. Rab1 Be5 18. Nf4 Rad8 19. Re1 Bc7 20. c4 Bxf4 21. Qxf4 dxc4 22. bxc4 Qd6 23. Qxd6 Rxd6 24. Bf1 Rfd8 25. Rb5 Rd1 26. Rxd1 Rxd1 27. Rxc5 Kf8 28. f4 Ke7 29. Kf2 Rd2+ 30. Ke3 Rxa2 31. f5 Bd7 32. g4 f6 33. Bd3 Kd6 34. Rd5+ Kc7 35. Be2 Bc6 36. Rd1 a5 37. h4 Rb2 38. g5 a4 39. gxf6 gxf6 40. Ra1 Kb6 41. Bd1 Ka5 42. c5 Kb4 43. Bxa4 Bxa4 44. Kf3 h5 45. Re1 Kxc5 46. Re6 Bd1+ 47. Kg3 Rb6 48. Re1 Bg4 0-1

[Event "Belt Road Women 2019"]
[Site "Shaoxing"]
[Date "2019.07.09"]
[Round "2.8"]
[White "Dzagnidze, Nana"]
[Black "Li, Yunshan"]
[Result "1-0"]
[ECO "A34"]
[WhiteElo "2511"]
[BlackElo "2254"]
[Annotator "ChessBase"]
[PlyCount "81"]
[EventDate "2019.07.08"]
[EventType "swiss"]
[EventCountry "CHN"]
[SourceTitle "playchess.com"]
[Source "ChessBase"]
[SourceQuality "1"]
[TimeControl "5400+30"]

1. c4 c5 2. Nf3 Nf6 3. Nc3 d5 4. cxd5 Nxd5 5. e3 Nxc3 6. bxc3 g6 7. Bb5+ Bd7 8. a4 Bg7 9. O-O O-O 10. d4 Qa5 11. Ba3 a6 12. Be2 Bxa4 13. Qb1 Bc6 14. Bxc5 Qd8 15. c4 Nd7 16. Ba3 b6 17. e4 Re8 18. e5 e6 19. Bd6 Bf8 20. Bxf8 Kxf8 21. Rd1 Bb7 22. Qc1 Kg7 23. Qf4 Qe7 24. h4 h6 25. Rab1 Rac8 26. Nd2 f5 27. exf6+ Qxf6 28. Qg3 e5 29. Bg4 Rcd8 30. Re1 Qd6 31. c5 Qxd4 32. Bxd7 Qxd7 33. Rxb6 Re6 34. Rxe6 Qxe6 35. Rxe5 Qc6 36. Ne4 Rd5 37. Nd6 Rd1+ 38. Kh2 Qd7 39. Qe3 Kf6 40. Qf4+ Kg7 41. Ne8+ 1-0

[Event "Belt Road Women 2019"]
[Site "Shaoxing"]
[Date "2019.07.09"]
[Round "2.9"]
[White "Khademalsharieh, Sarasadat"]
[Black "Gu, Tianlu"]
[Result "1/2-1/2"]
[ECO "A13"]
[WhiteElo "2481"]
[BlackElo "2205"]
[Annotator "ChessBase"]
[PlyCount "45"]
[EventDate "2019.07.08"]
[EventType "swiss"]
[EventCountry "CHN"]
[SourceTitle "playchess.com"]
[Source "ChessBase"]
[SourceQuality "1"]
[TimeControl "5400+30"]

1. Nf3 d5 2. e3 Nf6 3. c4 e6 4. Nc3 Be7 5. b3 O-O 6. Bb2 c5 7. cxd5 Nxd5 8. Qb1 Nxc3 9. Bxc3 Bf6 10. Bd3 h6 11. Bxf6 Qxf6 12. O-O Qe7 13. Qc2 b6 14. Bh7+ Kh8 15. Be4 Bb7 16. Ne5 Na6 17. a3 Rad8 18. Bxb7 Qxb7 19. f4 Qd5 20. Rf2 Nb8 21. b4 Nd7 22. Nxd7 Rxd7 23. bxc5 1/2-1/2

[Event "Belt Road Women 2019"]
[Site "Shaoxing"]
[Date "2019.07.09"]
[Round "2.10"]
[White "Girya, Olga"]
[Black "Song, Yuxin"]
[Result "1-0"]
[ECO "E16"]
[WhiteElo "2457"]
[BlackElo "2277"]
[Annotator "ChessBase"]
[PlyCount "131"]
[EventDate "2019.07.08"]
[EventType "swiss"]
[EventCountry "CHN"]
[SourceTitle "playchess.com"]
[Source "ChessBase"]
[SourceQuality "1"]
[TimeControl "5400+30"]

1. d4 Nf6 2. c4 e6 3. Nf3 b6 4. g3 Bb7 5. Bg2 Bb4+ 6. Bd2 Be7 7. Nc3 c6 8. Bf4 d5 9. cxd5 cxd5 10. Nb5 Na6 11. O-O O-O 12. Rc1 Nh5 13. Bd2 Nb4 14. Qb3 a5 15. a3 Nc6 16. Ne5 Rc8 17. Nxc6 Rxc6 18. Na7 Rxc1 19. Rxc1 Bd6 20. Bxa5 bxa5 21. Qxb7 Qb8 22. Qxb8 Rxb8 23. Rc8+ Rxc8 24. Nxc8 Bc7 25. e3 Nf6 26. Kf1 Kf8 27. Ke2 Ke8 28. Na7 Kd7 29. Nb5 Bb8 30. h3 Kc6 31. Nc3 h5 32. Kd3 Bd6 33. Kc2 g5 34. Bf3 h4 35. g4 Be7 36. Kd3 Bd6 37. Bd1 Kb6 38. Ba4 Ng8 39. Be8 Nh6 40. f3 Be7 41. Na4+ Kc7 42. Nc5 e5 43. Nb3 exd4 44. Nxd4 Kb6 45. Ne2 Kc5 46. Nc3 f5 47. b4+ axb4 48. axb4+ Kd6 49. Nb5+ Ke5 50. Nd4 Bxb4 51. Nc6+ Kd6 52. Nxb4 fxg4 53. fxg4 Kc5 54. Kc3 Ng8 55. Nxd5 Kxd5 56. Bf7+ Ke4 57. Bxg8 Kxe3 58. Kc4 Ke4 59. Bd5+ Ke5 60. Kc5 Kf4 61. Kd4 Kg3 62. Ke5 Kxh3 63. Kf5 Kg3 64. Kxg5 h3 65. Kf5 h2 66. g5 1-0

[Event "Belt Road Women 2019"]
[Site "Shaoxing"]
[Date "2019.07.09"]
[Round "2.11"]
[White "Li, Xueyi"]
[Black "Batsiashvili, Nino"]
[Result "1-0"]
[ECO "E04"]
[WhiteElo "2330"]
[BlackElo "2433"]
[Annotator "NA"]
[PlyCount "143"]
[EventDate "2019.07.08"]
[EventType "swiss"]
[EventCountry "CHN"]
[SourceTitle "playchess.com"]
[Source "ChessBase"]
[SourceQuality "1"]
[TimeControl "5400+30"]

1. d4 d5 2. c4 e6 3. Nf3 Nf6 4. g3 dxc4 5. Bg2 a6 6. O-O Nc6 7. Nbd2 Nxd4 8. Nxc4 Nxf3+ 9. Bxf3 Qxd1 10. Rxd1 Be7 11. Na5 Nd5 12. e4 Nf6 13. Bf4 Bd8 14. Rd2 O-O 15. Rad1 Be7 16. Bxc7 e5 17. Bxe5 Be6 18. Nb3 Rfe8 19. Bc3 Rab8 20. Nd4 Bg4 21. Bxg4 Nxg4 22. Nf5 Bf8 23. f3 Ne5 24. Kg2 Nc4 25. Re2 b5 26. b3 Na3 27. Bb2 b4 28. Bxa3 bxa3 29. Nd6 Red8 30. Red2 a5 31. Nc4 Rdc8 32. Nd6 Rc6 33. e5 a4 34. bxa4 Ra6 35. f4 Rxa4 36. Kf3 h6 37. Rc1 Rb2 38. Ke3 Rxd2 39. Kxd2 Bxd6 40. exd6 Rd4+ 41. Ke3 Rxd6 42. Rc8+ Kh7 43. Ra8 Rb6 44. Rxa3 Rb2 45. h3 Rh2 46. Kd4 Rxh3 47. Rb3 Rh2 48. a4 Ra2 49. Rb4 h5 50. Kc5 Ra3 51. Kb6 Rxg3 52. a5 Ra3 53. Rb5 h4 54. a6 h3 55. a7 Rxa7 56. Kxa7 Kg6 57. Rg5+ Kh6 58. Rg3 Kh5 59. Rxg7 f5 60. Kb6 h2 61. Rh7+ Kg4 62. Kc5 Kxf4 63. Rxh2 Ke3 64. Rh3+ Ke4 65. Kc4 f4 66. Rh8 Ke3 67. Kc3 f3 68. Re8+ Kf2 69. Kd2 Kg1 70. Ke3 f2 71. Rg8+ Kf1 72. Rf8 1-0

[Event "Belt Road Women 2019"]
[Site "Shaoxing"]
[Date "2019.07.09"]
[Round "2.12"]
[White "Bai, Xue"]
[Black "Tan, Zhongyi"]
[Result "0-1"]
[ECO "C82"]
[WhiteElo "2029"]
[BlackElo "2511"]
[Annotator "ChessBase"]
[PlyCount "44"]
[EventDate "2019.07.08"]
[EventType "swiss"]
[EventCountry "CHN"]
[SourceTitle "playchess.com"]
[Source "ChessBase"]
[SourceQuality "1"]
[TimeControl "5400+30"]

1. e4 e5 2. Nf3 Nc6 3. Bb5 a6 4. Ba4 Nf6 5. O-O Nxe4 6. d4 b5 7. Bb3 d5 8. dxe5 Be6 9. c3 Bc5 10. Qd3 O-O 11. Nbd2 f5 12. exf6 Nxf2 13. Rxf2 Qxf6 14. Qe2 Rae8 15. Nd4 Nxd4 16. cxd4 Qxd4 17. Nf3 Rxf3 18. gxf3 c6 19. Bd2 Bd7 20. Re1 Rxe2 21. Rexe2 Qd3 22. Kg2 Qg6+ 0-1

[Event "Belt Road Women 2019"]
[Site "Shaoxing"]
[Date "2019.07.09"]
[Round "2.13"]
[White "Lei, Tingjie"]
[Black "Yan, Tianqi"]
[Result "1-0"]
[ECO "B41"]
[WhiteElo "2505"]
[BlackElo "2034"]
[Annotator "ChessBase"]
[PlyCount "80"]
[EventDate "2019.07.08"]
[EventType "swiss"]
[EventCountry "CHN"]
[SourceTitle "playchess.com"]
[Source "ChessBase"]
[SourceQuality "1"]
[TimeControl "5400+30"]

1. e4 c5 2. Nf3 a6 3. c4 e6 4. d4 cxd4 5. Nxd4 Nf6 6. Nc3 Bb4 7. Qd3 Nc6 8. Nxc6 dxc6 9. Qxd8+ Kxd8 10. e5 Ne4 11. a3 Bxc3+ 12. bxc3 b6 13. h4 a5 14. Rh3 Ba6 15. Re3 Nc5 16. Rg3 Nd7 17. Rxg7 Nxe5 18. Bf4 Ng6 19. Bg5+ Ke8 20. Rb1 Rb8 21. Bf6 Ne7 22. Rg5 Rg8 23. Rxa5 bxa5 24. Rxb8+ Kd7 25. Rb6 Ra8 26. Bd3 Nc8 27. Rb1 Nd6 28. Rd1 c5 29. Bxh7 Rb8 30. Be5 Rb6 31. h5 Bxc4 32. h6 Bd5 33. Bxd6 Rxd6 34. c4 Ke7 35. Bc2 Kf6 36. cxd5 exd5 37. Rd3 d4 38. Rg3 Re6+ 39. Kd2 c4 40. h7 c3+ 1-0

[Event "Belt Road Women 2019"]
[Site "Shaoxing"]
[Date "2019.07.09"]
[Round "2.14"]
[White "Zhang, Xiao"]
[Black "Du, Yuxin"]
[Result "1/2-1/2"]
[ECO "D30"]
[WhiteElo "2259"]
[BlackElo "2015"]
[Annotator "NA"]
[PlyCount "104"]
[EventDate "2019.07.08"]
[EventType "swiss"]
[EventCountry "CHN"]
[SourceTitle "playchess.com"]
[Source "ChessBase"]
[SourceQuality "1"]
[TimeControl "5400+30"]

1. d4 Nf6 2. c4 e6 3. Nf3 d5 4. e3 Bb4+ 5. Bd2 Be7 6. Nc3 O-O 7. c5 b6 8. b4 Bb7 9. Bd3 Ne4 10. O-O Nd7 11. Qe2 a5 12. a3 axb4 13. axb4 bxc5 14. bxc5 Bf6 15. Na2 c6 16. Bb4 e5 17. Rfb1 exd4 18. exd4 Re8 19. Qc2 Ba6 20. Be1 Bxd3 21. Qxd3 Qc7 22. Nc3 Nxc3 23. Bxc3 Reb8 24. Ne1 h6 25. Nc2 Rxb1+ 26. Rxb1 Nf8 27. g3 Rb8 28. Nb4 Qb7 29. f4 Ne6 30. Rb2 Qc8 31. Kg2 Ra8 32. Qd2 Qc7 33. Nc2 Rb8 34. Ne3 Rxb2 35. Qxb2 Qc8 36. Kf3 Nd8 37. Qb1 Qb7 38. Qa2 Ne6 39. Qa1 Qb5 40. Qa8+ Kh7 41. Qe8 Qd3 42. Qxf7 Nxd4+ 43. Bxd4 Bxd4 44. Qe7 Qc3 45. Qe6 Qd3 46. Qe7 Qc3 47. Qe6 Qxe3+ 48. Qxe3 Bxe3 49. Kxe3 Kg6 50. g4 Kf6 51. Kd4 Ke6 52. Ke3 g6 {[%emt 0:00:06] Ke4 Ke5+} 1/2-1/2

[Event "Belt Road Women 2019"]
[Site "Shaoxing"]
[Date "2019.07.09"]
[Round "2.15"]
[White "Fominykh, Maria"]
[Black "Zhang, Yuxuan"]
[Result "1-0"]
[ECO "E62"]
[WhiteElo "2243"]
[BlackElo "1987"]
[Annotator "NA"]
[PlyCount "91"]
[EventDate "2019.07.08"]
[EventType "swiss"]
[EventCountry "CHN"]
[SourceTitle "playchess.com"]
[Source "ChessBase"]
[SourceQuality "1"]
[TimeControl "5400+30"]

1. d4 Nf6 2. Nf3 g6 3. c4 Bg7 4. g3 O-O 5. Bg2 d6 6. Nc3 Nc6 7. O-O Bf5 8. Nh4 Bd7 9. f4 Na5 10. b3 c5 11. dxc5 dxc5 12. Bd2 Bc6 13. Nd5 e6 14. Bxa5 Qxa5 15. Ne7+ Kh8 16. Nxc6 bxc6 17. e4 Rad8 18. Qe2 e5 19. Nf3 exf4 20. e5 Rde8 21. gxf4 Nh5 22. Qe3 Bh6 23. Ne1 f6 24. e6 Ng7 25. Qh3 Nh5 26. Bxc6 Re7 27. f5 Qd2 28. Ng2 Ng7 29. fxg6 hxg6 30. Bd5 f5 31. Nf4 Kh7 32. Rf2 Qd4 33. Raf1 g5 34. Ne2 Qe5 35. Ng3 Kg6 36. Rxf5 Nxf5 37. Be4 Qd4+ 38. Kh1 Qe5 39. Bxf5+ Kg7 40. Qh5 Rf6 41. Qd1 Rf8 42. Qd5 Qc7 43. Ne4 Rc8 44. Bg4 Qc6 45. Nd6 Qxd5+ 46. cxd5 1-0

[Event "Belt Road Women 2019"]
[Site "Shaoxing"]
[Date "2019.07.09"]
[Round "2.16"]
[White "Zhang, Lanlin"]
[Black "Peng, Tianlu"]
[Result "1-0"]
[ECO "B90"]
[WhiteElo "2195"]
[BlackElo "1901"]
[Annotator "NA"]
[PlyCount "71"]
[EventDate "2019.07.08"]
[EventType "swiss"]
[EventCountry "CHN"]
[SourceTitle "playchess.com"]
[Source "ChessBase"]
[SourceQuality "1"]
[TimeControl "5400+30"]

1. e4 c5 2. Nf3 d6 3. d4 cxd4 4. Nxd4 Nf6 5. Nc3 a6 6. h3 g6 7. g4 Bg7 8. Be3 e5 9. Nb3 Be6 10. g5 Nh5 11. Nd5 Nd7 12. c3 O-O 13. Be2 Bxd5 14. Qxd5 Nf4 15. Bxf4 exf4 16. Qxd6 Be5 17. Qd3 Qe7 18. h4 Rfd8 19. O-O-O b5 20. Kb1 Nc5 21. Qc2 Na4 22. Rxd8+ Rxd8 23. Rd1 Rc8 24. Nd4 Qb7 25. Bg4 Rc7 26. h5 Kf8 27. Nf3 Nxc3+ 28. bxc3 Rxc3 29. Qe2 Bc7 30. Nd4 b4 31. e5 Bb6 32. e6 Bxd4 33. Rxd4 Qc7 34. Qd2 gxh5 35. Rd8+ Kg7 36. Qd4+ 1-0

[Event "Belt Road Women 2019"]
[Site "Shaoxing"]
[Date "2019.07.09"]
[Round "2.17"]
[White "Zhou, Yafei"]
[Black "Hu, Yu A."]
[Result "1/2-1/2"]
[ECO "D55"]
[WhiteElo "1720"]
[BlackElo "2095"]
[Annotator "NA"]
[PlyCount "111"]
[EventDate "2019.07.08"]
[EventType "swiss"]
[EventCountry "CHN"]
[SourceTitle "playchess.com"]
[Source "ChessBase"]
[SourceQuality "1"]
[TimeControl "5400+30"]

1. d4 Nf6 2. c4 e6 3. Nf3 d5 4. Nc3 Nbd7 5. Bg5 h6 6. Bxf6 Nxf6 7. e3 Be7 8. Bd3 O-O 9. O-O b6 10. cxd5 exd5 11. Rc1 Bb7 12. Qb3 c5 13. dxc5 Bxc5 14. Rfd1 Qe7 15. Bf5 Rad8 16. Nb5 g6 17. Bb1 a6 18. Nbd4 Ne4 19. Ne2 Rfe8 20. Bxe4 dxe4 21. Nfd4 Rd5 22. Nf4 Rd6 23. Rd2 Red8 24. Rcd1 Qf6 25. Nfe2 a5 26. a3 R6d7 27. Qc4 Qe7 28. h3 Bd6 29. Qb5 Qe5 30. g3 Bc5 31. b4 axb4 32. axb4 Bd6 33. Qxb6 Bb8 34. Nc1 Qh5 35. h4 Qg4 36. Nce2 Be5 37. Qb5 Bf6 38. Nb3 Rxd2 39. Rxd2 Rd3 40. Qxb7 Rxb3 41. Qb8+ Kg7 42. Qf4 Qxf4 43. Nxf4 Rxb4 44. Kf1 Be5 45. Nd5 Rb1+ 46. Ke2 f5 47. Nf4 Rb2 48. Rxb2 Bxb2 49. f3 exf3+ 50. Kxf3 Be5 51. e4 fxe4+ 52. Kxe4 Bxf4 53. Kxf4 Kf6 54. g4 g5+ 55. hxg5+ hxg5+ 56. Ke4 1/2-1/2

[Event "Belt Road Women 2019"]
[Site "Shaoxing"]
[Date "2019.07.10"]
[Round "3.1"]
[White "Zhu, Jiner"]
[Black "Tokhirjonova, Gulrukhbegim"]
[Result "1/2-1/2"]
[ECO "C78"]
[WhiteElo "2454"]
[BlackElo "2422"]
[Annotator "ChessBase"]
[PlyCount "74"]
[EventDate "2019.07.08"]
[EventType "swiss"]
[EventCountry "CHN"]
[SourceTitle "playchess.com"]
[Source "ChessBase"]
[SourceQuality "1"]
[TimeControl "5400+30"]

1. e4 e5 2. Nf3 Nc6 3. Bb5 a6 4. Ba4 Nf6 5. O-O b5 6. Bb3 Bb7 7. c3 Nxe4 8. Re1 d5 9. d3 Nc5 10. Nxe5 Nxe5 11. Rxe5+ Ne6 12. Qh5 Qd7 13. d4 Bd6 14. Re2 O-O 15. Bc2 g6 16. Qf3 c5 17. Bh6 cxd4 18. Bxf8 Rxf8 19. Nd2 Rc8 20. Rd1 b4 21. Nb1 dxc3 22. bxc3 d4 23. Qg4 h5 24. Qh3 Rc5 25. Bb3 Bxg2 26. Qxe6 fxe6 27. Bxe6+ Qxe6 28. Rxe6 Rg5 29. h4 Rg4 30. Rxd4 Be4+ 31. Kf1 bxc3 32. Rdxe4 Rxe4 33. Rxg6+ Kf7 34. Nxc3 Kxg6 35. Nxe4 Be7 36. a4 Kf5 37. Ng3+ Ke5 1/2-1/2

[Event "Belt Road Women 2019"]
[Site "Shaoxing"]
[Date "2019.07.10"]
[Round "3.2"]
[White "Munguntuul, Batkhuyag"]
[Black "Dzagnidze, Nana"]
[Result "1/2-1/2"]
[ECO "B33"]
[WhiteElo "2412"]
[BlackElo "2511"]
[Annotator "ChessBase"]
[PlyCount "82"]
[EventDate "2019.07.08"]
[EventType "swiss"]
[EventCountry "CHN"]
[SourceTitle "playchess.com"]
[Source "ChessBase"]
[SourceQuality "1"]
[TimeControl "5400+30"]

1. e4 c5 2. Nf3 Nc6 3. d4 cxd4 4. Nxd4 Nf6 5. Nc3 e6 6. Ndb5 d6 7. Bf4 e5 8. Bg5 a6 9. Na3 b5 10. Nd5 Be7 11. Bxf6 Bxf6 12. c4 b4 13. Nc2 O-O 14. g3 Be6 15. Bg2 Bxd5 16. Qxd5 Nd4 17. Nxd4 exd4 18. e5 Qe7 19. Qxd6 Qxd6 20. exd6 Rac8 21. Bh3 Rxc4 22. Kd2 Rc6 23. d7 Rd6 24. Rac1 d3 25. Rc4 Bxb2 26. Rxb4 Bd4 27. Rb7 Bb6 28. Rc1 Rd8 29. Rc8 Ba5+ 30. Kd1 Kf8 31. Rb3 Ke7 32. Ra3 Rd5 33. Rxd8 Kxd8 34. Bg2 Re5 35. Rxd3 Re1+ 36. Kc2 Re2+ 37. Kb3 Rxf2 38. Bc6 Rf6 39. Ba4 Rb6+ 40. Kc2 Rb4 41. Bb3 Rb7 1/2-1/2

[Event "Belt Road Women 2019"]
[Site "Shaoxing"]
[Date "2019.07.10"]
[Round "3.3"]
[White "Kosteniuk, Alexandra"]
[Black "Ushenina, Anna"]
[Result "1/2-1/2"]
[ECO "C42"]
[WhiteElo "2517"]
[BlackElo "2448"]
[Annotator "ChessBase"]
[PlyCount "105"]
[EventDate "2019.07.08"]
[EventType "swiss"]
[EventCountry "CHN"]
[SourceTitle "playchess.com"]
[Source "ChessBase"]
[SourceQuality "1"]
[TimeControl "5400+30"]

1. e4 e5 2. Nf3 Nf6 3. Nxe5 d6 4. Nf3 Nxe4 5. d4 d5 6. Bd3 Bf5 7. O-O Be7 8. Re1 O-O 9. Nbd2 Nd6 10. Bxf5 Nxf5 11. Nb3 Nd7 12. Ne5 c6 13. Qg4 g6 14. Bf4 Re8 15. Re2 Bf8 16. Rae1 Nxe5 17. Bxe5 f6 18. Bf4 Qd7 19. a4 Kf7 20. c3 h5 21. Qf3 Rxe2 22. Qxe2 Ng7 23. Qf3 Re8 24. Rxe8 Qxe8 25. Kf1 Nf5 26. h3 h4 27. g4 hxg3 28. fxg3 Nd6 29. Bxd6 Bxd6 30. Nd2 Qh8 31. h4 Qh6 32. Ke2 Qh8 33. b4 a6 34. Kf2 Qc8 35. Nf1 Kg7 36. Ne3 Qh3 37. Nf1 Kf7 38. Qd3 Kg7 39. Qf3 Kf7 40. b5 axb5 41. axb5 Ke6 42. Qe3+ Kf7 43. Qd3 Qg4 44. bxc6 bxc6 45. Qa6 Qd7 46. Qa8 Kg7 47. Kg2 Kh7 48. Ne3 Kg7 49. Kf3 f5 50. Ng2 Qc7 51. Nf4 Bxf4 52. gxf4 Qd7 53. Qb8 1/2-1/2

[Event "Belt Road Women 2019"]
[Site "Shaoxing"]
[Date "2019.07.10"]
[Round "3.4"]
[White "Harika, Dronavalli"]
[Black "Soumya, Swaminathan"]
[Result "1/2-1/2"]
[ECO "C55"]
[WhiteElo "2492"]
[BlackElo "2402"]
[Annotator "ChessBase"]
[PlyCount "119"]
[EventDate "2019.07.08"]
[EventType "swiss"]
[EventCountry "CHN"]
[SourceTitle "playchess.com"]
[Source "ChessBase"]
[SourceQuality "1"]
[TimeControl "5400+30"]

1. e4 e5 2. Nf3 Nc6 3. Bc4 Nf6 4. d3 Be7 5. O-O O-O 6. Re1 d6 7. a4 Na5 8. Ba2 c5 9. c3 Nc6 10. Na3 Be6 11. Nc4 Qc7 12. h3 h6 13. Ne3 Bxa2 14. Rxa2 Rfe8 15. Bd2 Rad8 16. c4 Bf8 17. Nh2 Nd4 18. Nhg4 Nxg4 19. hxg4 Qd7 20. Nd5 Be7 21. b4 Bg5 22. Bc3 Ne6 23. g3 cxb4 24. Bxb4 Nc7 25. Nxc7 Qxc7 26. Qe2 Qc6 27. Rb1 Rb8 28. Kg2 a6 29. Be1 g6 30. f3 Rf8 31. Bf2 b6 32. Rab2 Qxa4 33. Ra2 Qd7 34. Rxa6 b5 35. cxb5 Rxb5 36. Rxd6 Qxd6 37. Rxb5 Rc8 38. Rb7 Qc6 39. Qb2 Qc3 40. Qa2 Rc7 41. Rxc7 Qxc7 42. d4 exd4 43. Bxd4 Qd8 44. Qb2 Be7 45. Qc3 Qd6 46. Bh8 f6 47. e5 Qxe5 48. Qxe5 fxe5 49. Bxe5 Kf7 50. f4 Bc5 51. Kf3 Bb6 52. Ke4 Bf2 53. Kf3 Bc5 54. Bc3 Bb6 55. Bd2 Bc5 56. Be3 Bb4 57. f5 g5 58. Bd4 Bd6 59. Bc3 Bc7 60. Bd4 1/2-1/2

[Event "Belt Road Women 2019"]
[Site "Shaoxing"]
[Date "2019.07.10"]
[Round "3.5"]
[White "Stefanova, Antoaneta"]
[Black "Ni, Shiqun"]
[Result "1-0"]
[ECO "D27"]
[WhiteElo "2474"]
[BlackElo "2407"]
[Annotator "ChessBase"]
[PlyCount "57"]
[EventDate "2019.07.08"]
[EventType "swiss"]
[EventCountry "CHN"]
[SourceTitle "playchess.com"]
[Source "ChessBase"]
[SourceQuality "1"]
[TimeControl "5400+30"]

1. Nf3 d5 2. d4 Nf6 3. c4 dxc4 4. e3 e6 5. Bxc4 c5 6. O-O a6 7. Nc3 Nc6 8. dxc5 Qxd1 9. Rxd1 Bxc5 10. Bd2 Bd7 11. Rac1 Rc8 12. Be1 Ba7 13. Be2 Ke7 14. Na4 Rhd8 15. Nc5 Bxc5 16. Rxc5 Ne4 17. Rcc1 e5 18. a4 Nd6 19. b4 e4 20. Ng5 Ne5 21. Rxc8 Bxc8 22. Bc3 Ng4 23. b5 f6 24. Ba5 Rg8 25. Bb4 fxg5 26. bxa6 bxa6 27. Rxd6 a5 28. Bc5 Rd8 29. Rd4+ 1-0

[Event "Belt Road Women 2019"]
[Site "Shaoxing"]
[Date "2019.07.10"]
[Round "3.7"]
[White "Tan, Zhongyi"]
[Black "Li, Xueyi"]
[Result "1-0"]
[ECO "B12"]
[WhiteElo "2511"]
[BlackElo "2330"]
[Annotator "ChessBase"]
[PlyCount "63"]
[EventDate "2019.07.08"]
[EventType "swiss"]
[EventCountry "CHN"]
[SourceTitle "playchess.com"]
[Source "ChessBase"]
[SourceQuality "1"]
[TimeControl "5400+30"]

1. e4 c6 2. d4 d5 3. e5 c5 4. dxc5 e6 5. Nf3 Bxc5 6. Bd3 Ne7 7. O-O Ng6 8. Nbd2 Nc6 9. Nb3 Bb6 10. Re1 O-O 11. Be3 Bc7 12. Bc5 Re8 13. Bxg6 fxg6 14. h4 b6 15. Ba3 b5 16. c3 a5 17. Bc5 Bb6 18. a3 a4 19. Bxb6 Qxb6 20. Nbd4 Na5 21. Ng5 Bd7 22. h5 Qd8 23. f4 Rf8 24. hxg6 Rxf4 25. gxh7+ Kh8 26. Qh5 Be8 27. Qh2 Rxd4 28. Rf1 Bg6 29. Nxe6 Rh4 30. Nxd8 Rxh2 31. Rf8+ Kxh7 32. Kxh2 1-0

[Event "Belt Road Women 2019"]
[Site "Shaoxing"]
[Date "2019.07.10"]
[Round "3.8"]
[White "Fominykh, Maria"]
[Black "Lei, Tingjie"]
[Result "0-1"]
[ECO "A49"]
[WhiteElo "2243"]
[BlackElo "2505"]
[Annotator "ChessBase"]
[PlyCount "80"]
[EventDate "2019.07.08"]
[EventType "swiss"]
[EventCountry "CHN"]
[SourceTitle "playchess.com"]
[Source "ChessBase"]
[SourceQuality "1"]
[TimeControl "5400+30"]

1. d4 Nf6 2. Nf3 g6 3. g3 c5 4. c3 Qc7 5. Bg2 Bg7 6. O-O O-O 7. Bf4 d6 8. Qc1 Re8 9. Bh6 e5 10. Bxg7 Kxg7 11. dxe5 dxe5 12. Nfd2 h5 13. e4 h4 14. Re1 Be6 15. a4 Rh8 16. Na3 Nc6 17. Nac4 Rh5 18. Ne3 Rah8 19. Ndf1 Qc8 20. Qd1 Nh7 21. g4 Rh6 22. h3 Rd8 23. Qe2 Ng5 24. a5 Rhh8 25. Qb5 Ne7 26. Red1 Bd7 27. Qc4 Ne6 28. Nd5 Nxd5 29. Rxd5 Qc7 30. Ne3 Bc6 31. Rxd8 Rxd8 32. Nd5 Qd6 33. Bf3 Bxd5 34. Qxd5 Nf4 35. Qxb7 Nxh3+ 36. Kh2 Qd2 37. Rf1 Qf4+ 38. Kg2 Ng5 39. Be2 Rd2 40. Qb5 h3+ 0-1

[Event "Belt Road Women 2019"]
[Site "Shaoxing"]
[Date "2019.07.10"]
[Round "3.9"]
[White "Pratyusha, Bodda"]
[Black "Khademalsharieh, Sarasadat"]
[Result "1-0"]
[ECO "D31"]
[WhiteElo "2265"]
[BlackElo "2481"]
[Annotator "ChessBase"]
[PlyCount "75"]
[EventDate "2019.07.08"]
[EventType "swiss"]
[EventCountry "CHN"]
[SourceTitle "playchess.com"]
[Source "ChessBase"]
[SourceQuality "1"]
[TimeControl "5400+30"]

1. d4 d5 2. c4 e6 3. Nc3 a6 4. cxd5 exd5 5. Bf4 Nf6 6. e3 Bd6 7. Bg3 Bxg3 8. hxg3 Bf5 9. Nf3 Nbd7 10. Qb3 Nb6 11. Ne5 Qd6 12. a4 O-O 13. Be2 h6 14. O-O a5 15. g4 Bh7 16. Rfc1 Qd8 17. Qa3 Ne8 18. b4 Nd6 19. b5 f6 20. Nf3 Kh8 21. Qc5 Rc8 22. Nd2 Bg8 23. Bf3 f5 24. gxf5 Nxf5 25. Ne2 Nh4 26. Nf4 Qg5 27. Kf1 Qf6 28. Ke2 Nf5 29. Bh5 Bh7 30. Nf3 Rfd8 31. Ne5 Nd6 32. f3 Nbc4 33. Nxd5 Qg5 34. Nf4 b6 35. Qxc4 Nxc4 36. Nf7+ Kg8 37. Nxg5 hxg5 38. Ne6 1-0

[Event "Belt Road Women 2019"]
[Site "Shaoxing"]
[Date "2019.07.10"]
[Round "3.10"]
[White "Gu, Tianlu"]
[Black "Munkhzul, Turmunkh"]
[Result "1/2-1/2"]
[ECO "B40"]
[WhiteElo "2205"]
[BlackElo "2386"]
[Annotator "NA"]
[PlyCount "116"]
[EventDate "2019.07.08"]
[EventType "swiss"]
[EventCountry "CHN"]
[SourceTitle "playchess.com"]
[Source "ChessBase"]
[SourceQuality "1"]
[TimeControl "5400+30"]

1. e4 c5 2. Nf3 e6 3. g3 d5 4. exd5 exd5 5. d4 Nc6 6. Bg2 Nf6 7. Nc3 Bg4 8. h3 Bxf3 9. Qxf3 Nxd4 10. Qd3 Be7 11. O-O O-O 12. Bg5 Re8 13. Bxf6 Bxf6 14. Nxd5 Rc8 15. c3 Ne6 16. Rad1 Nc7 17. Qf5 Nxd5 18. Rxd5 Qb6 19. Rd7 Re5 20. Qg4 Rc7 21. Rfd1 h5 22. Qc4 Rxd7 23. Rxd7 Re1+ 24. Kh2 Re7 25. Qd5 Rxd7 26. Qxd7 Qd8 27. Qxb7 Qe7 28. Qa8+ Kh7 29. Qd5 g6 30. b4 cxb4 31. cxb4 h4 32. Bf1 hxg3+ 33. fxg3 Kg7 34. Bc4 Qc7 35. Kg2 Be5 36. g4 Qe7 37. a4 Qf6 38. Qe4 Bd4 39. Qf3 Qxf3+ 40. Kxf3 Bc3 41. b5 f5 42. Kf4 Kf6 43. g5+ Kg7 44. h4 Be1 45. Kf3 Kf8 46. h5 gxh5 47. Kf4 h4 48. Kxf5 h3 49. Kg6 h2 50. Bd5 Ke7 51. Kf5 Kd6 52. Bf3 Kc5 53. g6 Bc3 54. Kg4 Kb4 55. Kh3 Be5 56. g7 Bxg7 57. Kxh2 Kxa4 58. Be2 Bd4 1/2-1/2